 Dungeon Crawl Stone Soup version 0.17.0-24-gcfadda4 (webtiles) character file.

175 M4edhros the Sneak (level 5, 0/33 HPs)
             Began as an Octopode Artificer on Nov 16, 2015.
             Hit by a tomahawk thrown by an orc (6 damage)
             ... on level 4 of the Dungeon.
             The game lasted 00:02:24 (657 turns).

M4edhros the Sneak (Octopode Artificer)              Turns: 657, Time: 00:02:24

Health: 0/33       AC:  1    Str: 10    XL:     5   Next: 55%
Magic:  8/8        EV: 12    Int: 14    God:
Gold:   50         SH:  0    Dex: 14    Spells: 0 memorised, 4 levels left

rFire  . . .     SeeInvis .     a - +0 short sword
rCold  . . .     Clarity  .     (no shield)
rNeg   . . .     SustAt   .     (helmet restricted)
rPois  .         Gourm    .     (no amulet)
rElec  .         Spirit   .     (no ring)
rCorr  .         Warding  .     (no ring)
rMut   .         Stasis   .     (no ring)
MR     .....                    (no ring)
Stlth  ++++......               (no ring)
                                (no ring)
                                (no ring)
                                (no ring)

@: very slightly contaminated, hasted, very quick, not resistant to hostile
enchantments, stealthy
A: almost no armour, amphibious, 8 rings, constrict 8, camouflage 1, gelatinous
body 1
a: no special abilities


You were on level 4 of the Dungeon.
You were not hungry.

You visited 1 branch of the dungeon, and saw 4 of its levels.

You collected 50 gold pieces.

Inventory:

Hand Weapons
 a - a +0 short sword (weapon)
 h - a +0 hunting sling
Missiles
 i - 11 sling bullets
 j - 4 curare-tipped needles
Jewellery
 l - an uncursed ring of invisibility {unknown}
Wands
 b - a wand of flame (11)
 c - a wand of enslavement (8)
 d - a wand of random effects (14)
Scrolls
 g - 2 scrolls of identify {unknown}
 k - a scroll of remove curse {unknown}
Potions
 f - a potion of haste
Comestibles
 e - a bread ration


   Skills:
 - Level 1.0 Fighting
 - Level 1.0 Short Blades
 - Level 2.0 Dodging
 + Level 5.3 Stealth
 + Level 5.2 Evocations


You had 4 spell levels left.
You didn't know any spells.

Dungeon Overview and Level Annotations

Branches:
Dungeon (5/15)
 Temple: D:4-7

Altars:

Annotations:
D:5 Dowan, Duvessa


Innate Abilities, Weirdness & Mutations

You cannot wear most types of armour.
You are amphibious.
You can wear up to eight rings at the same time.
You can use your tentacles to constrict eight enemies at once.
Your skin changes colour to match your surroundings (Stealth).
Your rubbery body absorbs attacks (AC +1).


Message History

Duvessa hits you with a short sword.
You barely miss Duvessa. Your grab misses Duvessa. You squeeze Duvessa.
Duvessa is lightly wounded.
You hit Duvessa but do no damage. You grab Duvessa.
Duvessa is lightly wounded.
You constrict Duvessa.
Something hits Duvessa but does no damage.
Duvessa hits you with a short sword!
Drink which item? (? for menu, Esc to quit)
Okay, then.
You release your grip on Duvessa.
Something hits Duvessa but does no damage.
There is an open door here.
There is an open door here.
There is a stone staircase leading up here.
You climb upwards.
The orc barely misses you. The orc hits you with a mace!
* * * LOW HITPOINT WARNING * * *
There is a stone staircase leading down here.
The orc throws a tomahawk.
The tomahawk hits you.
You die...

##### ....####
#....#######
###......[...##
#.#.#....###....##
#.......###......#
#.#.#.####...@...####
#.#.#.# #....>.......
# ....# ##..o.o..####
##.### ##.....## ...
##...## #.# ##... #.


ooo<. ...... ...... You could see 5 orcs.

Vanquished Creatures
  Eustachio (D:4)
  An adder (D:2)
  4 goblins (D:1)
  6 hobgoblins
  4 bats (D:1)
  5 kobolds (D:1)
  4 rats (D:1)
25 creatures vanquished.

Vanquished Creatures (collateral kills)
  A giant cockroach (D:5)
  A giant newt (D:2)
2 creatures vanquished.

Grand Total: 27 creatures vanquished

Notes
Turn   | Place    | Note
--------------------------------------------------------------
     0 | D:1      | M4edhros the Octopode Artificer began the quest for the Orb.
     0 | D:1      | Reached XP level 1. HP: 13/13 MP: 3/3
    72 | D:1      | Reached XP level 2. HP: 18/18 MP: 4/4
   344 | D:1      | Reached skill level 4 in Evocations
   429 | D:2      | Reached XP level 3. HP: 19/23 MP: 6/6
   568 | D:2      | You fall through a shaft for 2 floors!
   571 | D:4      | Noticed Eustachio
   583 | D:4      | Killed Eustachio
   583 | D:4      | Reached skill level 5 in Stealth
   583 | D:4      | Reached skill level 5 in Evocations
   583 | D:4      | Reached XP level 4. HP: 23/28 MP: 7/7
   583 | D:4      | Reached XP level 5. HP: 27/33 MP: 8/8
   595 | D:5      | Entered Level 5 of the Dungeon
   609 | D:5      | Noticed Duvessa
   609 | D:5      | Noticed Dowan
   657 | D:4      | Hit by a tomahawk thrown by an orc

Action                   |  1- 3 |  4- 6 || total
-------------------------+-------+-------++-------
Melee: Short sword       |    39 |     2 ||    41
Evoke: Wand              |     6 |     6 ||    12
  Use: Potion            |     2 |     1 ||     3
 Stab: Sleeping          |    12 |       ||    12
